 Dungeon Crawl Stone Soup version 0.29-a0-43-g62a80824bf (webtiles) character file.

Game seed: 17722948761451930689

9607 kae the Grappler (level 11, -7/97 HPs)
             Began as a Red Draconian Transmuter on Feb 2, 2022.
             Was a Believer of Ru.
             Mangled by a troll (9 damage)
             ... on level 10 of the Dungeon.
             The game lasted 00:08:52 (13255 turns).

kae the Grappler (Red Draconian Transmuter)        Turns: 13255, Time: 00:08:53

Health: -7/97      AC:  8    Str: 16    XL:     11   Next: 25%
Magic:  18/20      EV: 11    Int: 15    God:    Ru [**....]
Gold:   561        SH:  0    Dex: 11    Spells: 14/22 levels left

rFire   . . .      SeeInvis .     - Unarmed
rCold   + + +      Faith    .   (shield currently unavailable)
rNeg    . . .      Spirit   .   (armour unavailable)
rPois   +          Reflect  .   (helmet currently unavailable)
rElec   .          Harm     .   (cloak currently unavailable)
rCorr   .          Rampage  .   (gloves currently unavailable)
Will    .....                   (boots currently unavailable)
Stlth   +.........              (no amulet)
HPRegen 0.26/turn               j - ring of protection from fire
MPRegen 0.17/turn               (no ring)

@: ice-form
A: freezing attack, amphibious, boosted hp, (breathe fire), AC +7, large,
unfitting armour, (fire resistance 1), frail 1, (cold-blooded)
a: End Transformation, Renounce Religion


You were on level 10 of the Dungeon.
You worshipped Ru.
Ru was pleased with you.
You were a creature of crystalline ice.
You visited 2 branches of the dungeon, and saw 11 of its levels.
You also visited: Ossuary.

You collected 561 gold pieces.

Inventory:

Missiles
 g - 3 throwing nets
Armour
 i - a +0 cloak (melded)
Jewellery
 j - a ring of protection from fire (left front paw)
Wands
 f - a wand of flame (21)
 o - a wand of polymorph (28)
 t - a wand of iceblast (10)
 y - a wand of digging (5)
Scrolls
 a - a scroll of magic mapping
 l - 3 scrolls of fear
 n - 2 scrolls of teleportation
 w - 3 scrolls of identify
Potions
 b - 5 potions of curing
 c - 4 potions of heal wounds
 d - 3 potions of might
 e - 2 potions of ambrosia
 h - a potion of degeneration
 k - a potion of invisibility
 m - 3 potions of mutation
 p - 2 potions of cancellation
 q - a potion of attraction {unknown}
 r - a potion of magic {unknown}
 s - 2 potions of lignification {unknown}
 u - 2 potions of haste {unknown}
 v - a potion of brilliance {unknown}
 x - a potion of berserk rage {unknown}
 z - a potion of flight {unknown}


   Skills:
 + Level 6.8 Fighting
 + Level 5.9 Dodging
 * Level 9.5 Unarmed Combat
 + Level 6.0 Spellcasting
 * Level 9.1 Transmutations
 - Level 5.0 Ice Magic
 - Level 2.0 Poison Magic


You had 14 spell levels left.
You knew the following spells:

 Your Spells              Type           Power      Damage    Failure   Level
a - Beastly Appendage     Tmut           62%        N/A       1%          1
b - Spider Form           Tmut/Pois      21%        N/A       4%          3
c - Ice Form              Ice/Tmut       25%        N/A       9%          4

Your spell library contained the following spells:

 Spells                   Type           Power      Damage    Failure   Level
 Wereblood                Tmut           31%        N/A       1%          2
 Passwall                 Tmut/Erth      15%        N/A       3%          2
 Ensorcelled Hibernation  Hex/Ice        24%        N/A       8%          2
 Magic Dart               Conj           16%        1d3       14%         1
 Call Imp                 Summ           4%         N/A       22%         2
 Mephitic Cloud           Conj/Pois/Air  6%         N/A       32%         3
 Gell's Gravitas          Tloc           4%         N/A       41%         3
 Inner Flame              Hex/Fire       4%         N/A       41%         3
 Lesser Beckoning         Tloc           4%         N/A       41%         3
 Swiftness                Air            4%         N/A       41%         3
 Teleport Other           Tloc           4%         N/A       41%         3
 Cause Fear               Hex            2%         N/A       82%         4
 Dragon Form              Tmut           15%        N/A       96%         7
 Summon Forest            Summ/Tloc      2%         N/A       99%         5
 Summon Mana Viper        Hex/Summ       4%         N/A       99%         5
 Summon Cactus Giant      Summ           2%         N/A       100%        6
 Discord                  Hex            2%         N/A       100%        8
 Dragon's Call            Summ           2%         N/A       100%        9


Dungeon Overview and Level Annotations

Branches:
Dungeon (10/15)            Temple (1/1) D:5            Lair (0/6) D:9
Ossuary (visited)
    Orc: D:9-12

Altars:
Ashenzari
Cheibriados
Dithmenos
Elyvilon
Fedhas
Gozag
Hepliaklqana
Kikubaaqudgha
Makhleb
Nemelex Xobeh
Okawaru
Qazlal
Ru
Sif Muna
Trog
Uskayaw
Vehumet
Wu Jian
Xom
Yredelemnul
Zin
The Shining One

Annotations:
D:4 2 transporters, benappo's ghost, amateur DjVM


Innate Abilities, Weirdness & Mutations

You are a creature of crystalline ice.
You have a powerful freezing melee attack.
You are amphibious.
Your maximum health is increased.
Your armour is entirely melded.
You are incapable of wielding weapons or throwing items.
((You can breathe blasts of fire.))
((Your fiery red scales are hard. (AC +7)))
You cannot fit into any form of body armour.
((Your flesh is heat resistant. (rF+)))
You are frail. (-10% HP)
((You are cold-blooded and may be slowed by cold attacks.))


Message History

You kill the orc priest!
The orc warrior barely misses you.
The orc warrior hits you with a +0 glaive!
Things that are here:
a +0 club; an orc corpse You hit the orc warrior.
You freeze the orc warrior.
The orc warrior is moderately wounded.
The orc warrior hits you with a +0 glaive!
You punch the orc warrior! You freeze the orc warrior.
The orc warrior is severely wounded.
You barely miss the orc warrior.
The orc warrior is severely wounded.
The orc warrior hits you with a +0 glaive!!
You are too injured to fight recklessly!
You are too injured to fight recklessly!
You hit the orc warrior but do no damage.
The orc warrior is severely wounded.
The orc warrior hits you with a +0 glaive!!
You are too injured to fight recklessly!
You are too injured to fight recklessly!
You pummel the orc warrior!! You freeze the orc warrior.
You kill the orc warrior!
You barely miss the troll. The troll bites you!
* * * LOW HITPOINT WARNING * * *
The troll claws you.
* * * LOW HITPOINT WARNING * * *
The troll claws you but does no damage.
You completely miss the troll. The troll bites you.
* * * LOW HITPOINT WARNING * * *
The troll closely misses you. The troll barely misses you.
You punch the troll! You freeze the troll.
The troll is heavily wounded.
The troll closely misses you. The troll claws you!
* * * LOW HITPOINT WARNING * * *
The troll claws you.
* * * LOW HITPOINT WARNING * * *
You punch the troll! You freeze the troll.
The troll is severely wounded.
The troll bites you!
You die...

###...# #...###
#'####### #
......[.###### ..
........'....##
...
........####..#
.... ........#
##.## ..?..
........#
#..########......
........#
##..YToyo))......
........#
##########......
######### .....
####


You could see a troll, a hornet and 2 orcs.

Vanquished Creatures
  A two-headed ogre (D:10)
  The ghost of GrimJard the Destroyer, a novice DrCj of Sif Muna (D:9)
  Pikel (D:4)
  3 trolls
  A hornet (D:9)
  15 yaks
  Eustachio (D:4)
  3 steam dragons
  Edmund (D:6)
  2 acid dragons (D:10)
  3 water moccasins
  Duvessa (D:6)
  4 orc warriors
  3 sky beasts
  A hornet zombie (D:7)
  3 ogres
  2 centaurs
  A kobold brigand (D:8)
  9 scorpions
  A wyvern zombie (D:9)
  4 bullfrogs
  2 gnoll sergeants (D:7)
  2 jellies
  Dowan (D:6)
  10 killer bees (D:9)
  3 howler monkeys
  2 human zombies (Ossuary)
  A bullfrog zombie (D:6)
  2 centaur zombies
  Crazy Yiuf (D:3)
  2 gnoll shamans
  4 orc priests
  A bullfrog skeleton (D:5)
  2 iguanas
  Terence (D:3)
  6 scorpion zombies (Ossuary)
  Jessica (D:3)
  An orc wizard (D:6)
  A killer bee zombie (D:6)
  3 mummies (Ossuary)
  Robin (D:3)
  17 gnolls
  5 adders
  A white imp (D:6)
  2 worms
  3 dart slugs
  33 orcs
  6 ball pythons
  3 endoplasms
  3 giant cockroaches
  9 goblins
  6 hobgoblins
  7 jackals
  2 quokkas
  2 bats
  A frilled lizard (D:1)
  3 goblin zombies (Ossuary)
  4 hobgoblin zombies (Ossuary)
  11 kobolds
  A kobold zombie (Ossuary)
  2 orc zombies (Ossuary)
  6 rats
235 creatures vanquished.

Vanquished Creatures (others)
  A plant (D:3)
1 creature vanquished.

Grand Total: 236 creatures vanquished

Notes
Turn   | Place    | Note
-------+----------+-------------------------------------------
     0 | D:1      | kae the Draconian Transmuter began the quest for the Orb.
     0 | D:1      | Reached XP level 1. HP: 16/16 MP: 3/3
   275 | D:1      | You fall into a shaft and drop 1 floor!
   483 | D:1      | Reached XP level 2. HP: 10/23 MP: 3/5
  1197 | D:2      | Found a faded altar of an unknown god.
  1442 | D:2      | Reached XP level 3. HP: 13/28 MP: 6/6
  1470 | D:2      | Learned a level 3 spell: Spider Form
  1879 | D:3      | Noticed Jessica
  1900 | D:3      | Killed Jessica
  1901 | D:3      | Reached XP level 4. HP: 31/36 MP: 4/7
  1963 | D:3      | Noticed Terence
  1974 | D:3      | Killed Terence
  1975 | D:3      | Reached skill level 1 in Poison Magic
  2104 | D:3      | Found a runed translucent door.
  2105 | D:3      | Noticed Crazy Yiuf
  2692 | D:3      | Noticed Robin
  2699 | D:3      | Killed Robin
  2700 | D:3      | Reached XP level 5. HP: 41/41 MP: 8/8
  2959 | D:3      | Killed Crazy Yiuf
  3198 | D:4      | Noticed a lemure
  3198 | D:4      | Noticed a lemure
  3199 | D:4      | Noticed Pikel
  3199 | D:4      | Noticed a lemure
  3199 | D:4      | Noticed a lemure
  3206 | D:3      | Learned a level 4 spell: Ice Form
  3264 | D:4      | Noticed Eustachio
  3277 | D:4      | Killed Eustachio
  3278 | D:4      | Reached skill level 1 in Ice Magic
  3278 | D:4      | Reached XP level 6. HP: 18/49 MP: 2/10
  3788 | D:4      | Killed Pikel
  3789 | D:4      | Reached skill level 5 in Unarmed Combat
  3789 | D:4      | Your scales start taking on a fiery red colour.
  3789 | D:4      | Reached XP level 7. HP: 11/57 MP: 3/11
  3789 | D:4      | Gained mutation: Your flesh is heat resistant. (rF+) [Red
                  | Draconian growth]
  4136 | D:4      | Reached XP level 8. HP: 30/63 MP: 10/13
  4323 | D:4      | Found a transporter.
  4636 | D:4      | Noticed benappo's ghost (amateur DjVM)
  4681 | D:4      | Found a transporter.
  4948 | D:5      | Entered Level 5 of the Dungeon
  4984 | D:5      | Reached skill level 5 in Transmutations
  4991 | D:5      | Found a sand-covered staircase.
  5053 | Ossuary  | Entered an ossuary
  5689 | Ossuary  | Reached XP level 9. HP: 50/71 MP: 7/15
  6550 | D:5      | Found a staircase to the Ecumenical Temple.
  7028 | Temple   | Entered the Ecumenical Temple
  7141 | Temple   | Became a worshipper of Ru the Awakened
  7447 | D:6      | Noticed Edmund
  7453 | D:6      | Killed Edmund
  7599 | D:6      | Noticed Duvessa
  7600 | D:6      | Noticed Dowan
  7606 | D:6      | Killed Duvessa
  7612 | D:6      | Killed Dowan
  8226 | D:7      | Found a sparkling altar of Nemelex Xobeh.
  8555 | D:7      | Reached skill level 5 in Fighting
  8555 | D:7      | Reached skill level 5 in Ice Magic
  9139 | D:7      | Gained mutation: You are frail. (-10% HP) [Ru sacrifice]
  9139 | D:7      | Reached * piety under Ru
  9139 | D:7      | Reached ** piety under Ru
  9495 | D:8      | Reached XP level 10. HP: 72/72 MP: 13/17
 10069 | D:8      | Reached skill level 5 in Spellcasting
 10302 | D:8      | Reached skill level 5 in Dodging
 11513 | D:9      | Noticed GrimJard's ghost (novice DrCj)
 11773 | D:9      | Found a staircase to the Lair.
 12018 | D:9      | Found a runed translucent door.
 12265 | D:9      | Reached XP level 11. HP: 81/81 MP: 17/19
 12397 | D:9      | Killed GrimJard's ghost
 12540 | D:10     | Entered Level 10 of the Dungeon
 12838 | D:10     | Noticed a two-headed ogre
 12843 | D:10     | Killed a two-headed ogre
 13254 | D:10     | HP: 4/97 [troll (10)]
 13255 | D:10     | Mangled by a troll

Illustrated notes

Levels and vault maps discovered:
D:1:      minmay_arrival_up_and_down, layout_basic, corexii_leaking_fountain,
          kennysheep_boxes
D:2:      layout_basic, serial_forest, infiniplex_forest_split,
          infiniplex_forest_zigzag_1, infiniplex_forest_clump_small,
          infiniplex_forest_straight_2, ebering_ecumenical_altar_mist
D:3:      layout_basic, serial_bayou, serial_bayou_lake_a, serial_bayou_pond_b,
          serial_bayou_pond_a, serial_bayou_pond_b, uniq_terence, uniq_jessica,
          uniq_robin, uniq_crazy_yiuf_cottage
D:4:      layout_basic, gammafunk_ghost_stat_death, uniq_eustachio, uniq_pikel
D:5:      layout_basic, temple_green, nicolae_ossuary_entry_monument
D:6:      layout_loops_ring, minmay_misc_feat_columns, uniq_edmund, uniq_duvessa
D:7:      layout_basic, nemelex_xobeh_ov_fountains_minmay
D:8:      layout_loops_cross
D:9:      layout_basic, dpeg_oklobed_lair, special_room [special_room_orc],
          hellmonk_ghost_happy_afterlife, st_stairs_14
D:10:     layout_roguey, hellmonk_guarded_unrand_gong
Temple:   compressed_dpeg_circular_temple

Skill      XL: |  1  2  3  4  5  6  7  8  9 10 11 |
---------------+----------------------------------+-----
Dodging        | 2 3 4 5 |  5.9
Transmutations | 3 4 5 7 8 9 |  9.1
Poison Magic   | 1 2 |  2.0
Fighting       | 2 3 4 5 6 |  6.8
Unarmed Combat | 4 5 6 7 9 |  9.5
Ice Magic      | 1 2 3 5 |  5.0
Spellcasting   | 3 4 5 6 |  6.0

Action                   |  1- 3 |  4- 6 |  7- 9 | 10-12 || total
-------------------------+-------+-------+-------+-------++-------
Melee: Unarmed           |    98 |    93 |   298 |   219 ||   708
       Headbutt          |     7 |     5 |       |       ||    12
       Kick              |    14 |     9 |       |       ||    23
       Punch             |     2 |       |     3 |       ||     5
       Tailslap          |     3 |     1 |     6 |       ||    10
 Cast: Beastly Appendage |    19 |    10 |       |       ||    29
       Spider Form       |     1 |     5 |     7 |       ||    13
       Ice Form          |       |     2 |    30 |    21 ||    53
Invok: Sacrifice Health  |       |       |     1 |       ||     1
       Reject Sacrifices |       |       |       |     1 ||     1
 Abil: Breathe Fire      |       |       |     2 |     2 ||     4
  Use: Scroll            |     2 |     1 |    13 |     4 ||    20
 Stab: Invisible         |       |       |       |     1 ||     1
Armor: Skin              |    20 |    16 |    86 |    57 ||   179
Dodge: Dodged            |    73 |    60 |   155 |    99 ||   387

Table legend: (Time is in decaauts)
 A = Elapsed time spent in this place.
 B = Non-inter-level travel time spent in this place.
 C = Inter-level travel time spent in this place.
 D = Time resting spent in this place.
 E = Time spent auto-exploring this place.
 F = Levels seen in this place.
 G = Mean time per level.
                   A        B        C        D        E       F      G
               +--------+--------+--------+--------+--------+-----+--------+
         Total |  13218 |  12799 |    419 |    794 |  10345 |  12 | 1101.5 |
       Dungeon |  12211 |  11830 |    381 |    794 |   9600 |  10 | 1221.1 |
        Temple |    131 |     94 |     37 |      0 |     75 |   1 |  131.0 |
       Ossuary |    875 |    875 |      0 |      0 |    670 |   1 |  875.0 |
               +--------+--------+--------+--------+--------+-----+--------+

Top non-repeatable levels by time:
     D:9: 1995 daAuts
     D:3: 1906 daAuts
     D:4: 1263 daAuts
     D:6: 1207 daAuts
     D:5: 1203 daAuts
     D:8: 1094 daAuts
     D:7: 1057 daAuts
     D:2: 907 daAuts
     D:1: 895 daAuts
 Ossuary: 875 daAuts
    D:10: 680 daAuts
  Temple: 131 daAuts
